 Dungeon Crawl Stone Soup version 0.31-a0-152-g6aa68a64a1 (webtiles) character file.

Game seed: 1486404739947122769

6701 qw the Skirmisher (level 10, -1/91 HPs)
             Began as a Minotaur Hunter on June 10, 2023.
             Was a Follower of Okawaru.
             Slain by a wraith (2 damage)
             ... on level 10 of the Dungeon.
             The game lasted 00:03:32 (9150 turns).

qw the Skirmisher (Minotaur Hunter)                 Turns: 9150, Time: 00:03:33

Health: -1/91      AC: 14    Str: 17    XL:     10   Next: 74%
Magic:  9/11       EV: 17    Int:  6    God:    Okawaru [*.....]
Gold:   147        SH:  4    Dex: 17    Spells: 9/9 levels left

rFire   + . .        q - +1 orcbow
rCold   . . .        (shield currently unavailable)
rNeg    . . .        k - +0 ring mail {rPois}
rPois   +            (helmet restricted)
rElec   .            o - +0 cloak
rCorr   .            r - +1 pair of gloves {Stlth+}
SInv    .            c - +0 pair of boots
Will    +....        (no amulet)
Stlth   ++++         b - ring of protection from fire
HPRegen 0.35/turn    n - ring of willpower
MPRegen 0.12/turn

%: no passive effects
@: about to teleport, heroic, slowed, very slow
A: horns 2, retaliatory headbutt, iridescent scales 1, large bone plates 1
a: Renounce Religion, Heroism


You were on level 10 of the Dungeon.
You worshipped Okawaru.
Okawaru was aware of your devotion.
You visited 2 branches of the dungeon, and saw 11 of its levels.

You collected 671 gold pieces.
You spent 524 gold pieces at shops.


Innate Abilities, Weirdness & Mutations

You have a pair of horns on your head.
You reflexively headbutt those who attack you in melee.
You are partially covered in iridescent scales. (AC +2)
You are partially covered in large bone plates. (SH +4)


   Skills:
 + Level 9.4(14.4) Fighting
 - Level 14.1(19.1) Ranged Weapons
 - Level 5.0(10.0) Armour
 - Level 6.2(11.2) Dodging
 - Level 0.7(5.7) Stealth
 + Level 3.0 Invocations


You had 9 spell levels left.
You didn't know any spells.
Your spell library was empty.

Inventory:

Hand Weapons
 q - a +1 orcbow (weapon)
Armour
 c - a +0 pair of boots (worn)
 k - a +0 ring mail of poison resistance (worn)
 l - a +2 robe of fire resistance
 o - a +0 cloak (worn)
 p - +0 steam dragon scales
 r - a +1 pair of gloves of stealth (worn)
Jewellery
 b - a ring of protection from fire (left hand)
 n - a ring of willpower (right hand)
Scrolls
 d - a scroll of teleportation
 m - a scroll of identify
Potions
 a - 3 potions of curing
 e - 3 potions of heal wounds
 f - 2 potions of mutation
 h - 2 potions of haste
 j - 2 potions of resistance
 t - a potion of magic {unknown}
 u - 2 potions of enlightenment {unknown}

Dungeon Overview and Level Annotations

Branches:
Dungeon (10/15)            Temple (1/1) D:4             Orc (0/2) D:9
   Lair: D:8-11

Altars:
Ashenzari
Dithmenos
Elyvilon
Fedhas
Gozag
Hepliaklqana
Kikubaaqudgha
Makhleb
Nemelex Xobeh
Okawaru
Qazlal
Ru
Sif Muna
Uskayaw
Vehumet
Xom
Yredelemnul
Zin
The Shining One

Shops:
D:1 =   D:2 *((*   D:4 [*   D:5 (   D:6 [   D:7 *   D:8 *(*[(

Annotations:
D:4 Edmund


Message History

You furiously retaliate!
You headbutt the wraith. The shadow barely misses you. You furiously retaliate!
You headbutt the shadow. The wraith misses you. You furiously retaliate!
You headbutt the wraith! The wraith hits you.
You shoot an arrow. The arrow hits the wraith!
You destroy the wraith!
Okawaru accepts your kill. The howler monkey misses you. The shadow misses you.
The wraith closely misses you. The wraith misses you.
The howler monkey hoots and howls with incredible vigour!
You shoot an arrow. The arrow hits the wraith.
You destroy the wraith!
Okawaru accepts your kill. The shadow barely misses you.
You block the wraith's attack. The howler monkey hits you.
The shadow strikes at you from the darkness!
Reactivating autopickup.
The shadow barely misses you. You furiously retaliate!
You headbutt the shadow. The wraith hits you.
Your Invocations skill increases to level 3!
9149 ||| READING 2 scrolls of teleportation.
As you read the scroll of teleportation, it crumbles to dust.
You feel strangely unstable.
The howler monkey completely misses you.
You furiously retaliate!
You headbutt the howler monkey. You block the shadow's attack.
The shadow hits you.
The howler monkey completely misses you.
You furiously retaliate!
You headbutt the howler monkey, but do no damage.
You block the wraith's attack.
9150 ||| DRINKING 4 potions of heal wounds.
You feel much better.
The howler monkey hoots and howls with incredible vigour!
The shadow slips into darkness.
The shadow flickers and vanishes!
Deactivating autopickup; reactivate with Ctrl-A.
You block the shadow's attack. The wraith barely misses you.
The shadow strikes at you from the darkness!
Reactivating autopickup.
You block the howler monkey's attack. The shadow hits you. The wraith hits you.
You die...

........#
.......#
......#
.....#
....# ZZ.#
#hW# #@.#
#WW# . #..#
.
########..#
.
..........#
~
..........#
.
..........#
.
########..#
# #..#


You could see a wraith, 2 shadows, a howler monkey (catching breath), a centaur
zombie and an unseen horror zombie.

Vanquished Creatures
  A two-headed ogre (D:8)
  Maurice (D:8)
  Maggie (D:7)
  A komodo dragon (D:10)
  Sigmund (D:6)
  A shadow (D:7)
  3 wraiths (D:10)
  A vampire (D:10)
  6 yaks (D:9)
  Eustachio (D:6)
  3 water moccasins
  2 orc warriors
  A sky beast (D:6)
  An ice beast (D:6)
  A black bear (D:6)
  An ogre (D:6)
  7 centaurs
  2 phantoms
  A kobold brigand (D:9)
  A wyvern zombie (D:7)
  A gnoll sergeant (D:9)
  A scorpion (D:5)
  4 wights (D:8)
  A howler monkey (D:10)
  3 centaur zombies
  4 hounds
  A jelly (D:6)
  3 orc priests
  A gnoll bouda (D:9)
  2 iguanas (D:5)
  A sleepcap (D:6)
  6 orc wizards
  4 killer bee zombies (D:7)
  12 adders
  9 gnolls
  2 white imps
  An ufetubus (D:6)
  2 worms
  2 dart slugs
  30 orcs
  8 endoplasms
  18 giant cockroaches
  6 goblins
  6 hobgoblins
  A jackal (D:5)
  7 quokkas
  5 ball pythons
  3 bats
  2 frilled lizards
  8 kobolds
  3 rats
194 creatures vanquished.

Notes
Turn   | Place    | Note
-------+----------+-------------------------------------------
     0 | D:1      | qw the Minotaur Hunter began the quest for the Orb.
     0 | D:1      | Reached XP level 1. HP: 18/18 MP: 0/0
     0 | D:1      | 0 ||| qw: Version: 0.2-a-122-gbc61b45
     0 | D:1      | 0 ||| qw: Game counter: 3637
     0 | D:1      | 0 ||| qw: Always use a shield: true
     0 | D:1      | 0 ||| qw: God list: Okawaru
     0 | D:1      | 0 ||| qw: Allow faded altars: false
     0 | D:1      | 0 ||| qw: Do Orc after D:15 true
     0 | D:1      | 0 ||| qw: Do second Lair branch before Depths: true
     0 | D:1      | 0 ||| qw: Lair rune preference: random
     0 | D:1      | 0 ||| qw: Plans: Normal
     0 | D:1      | 0 ||| PLANNING D:1-11
     2 | D:1      | 2 ||| DROPPING scroll of butterflies.
    62 | D:1      | Reached XP level 2. HP: 21/25 MP: 1/1
   182 | D:1      | Reached skill level 5 in Ranged Weapons
   273 | D:1      | Found a faded altar of an unknown god.
   359 | D:1      | Reached skill level 3 in Fighting
   418 | D:1      | Reached XP level 3. HP: 11/31 MP: 2/2
   500 | D:1      | Found Nuely's Jewellery Shoppe.
   515 | D:1      | 515 ||| SHOPLISTING +6 ring of dexterity (360 gold, have
                  | 0).
   515 | D:1      | 515 ||| SHOPLISTING +6 ring of strength (360 gold, have 0).
   515 | D:1      | 515 ||| SHOPLISTING ring "Vuidgh" {Wiz rC+} (440 gold, have
                  | 0).
   515 | D:1      | 515 ||| SHOPLISTING ring of ice (250 gold, have 0).
   515 | D:1      | 515 ||| SHOPLISTING ring of protection from fire (250 gold,
                  | have 0).
   515 | D:1      | 515 ||| SHOPLISTING ring of see invisible (150 gold, have
                  | 0).
   941 | D:1      | 941 ||| UPGRADING to ring of protection from fire.
   942 | D:1      | 942 ||| READING scroll labelled ROT MORCHOOR.
   943 | D:1      | 943 ||| DRINKING 2 fuming golden potions.
   943 | D:1      | Gained mutation: You are partially covered in iridescent
                  | scales. (AC +2) [potion of mutation]
   943 | D:1      | Gained mutation: You are partially covered in large bone
                  | plates. (SH +4) [potion of mutation]
  1228 | D:2      | Found Daunnaatza's Weapon Shop.
  1232 | D:2      | 1232 ||| SHOPLISTING +0 arbalest (54 gold, have 40).
  1460 | D:2      | Found Huemoen's Antique Weapon Shoppe.
  1529 | D:2      | Found Oxza Ref's Assorted Antiques.
  1539 | D:2      | 1539 ||| BUYING encrusted ivory wand (80 gold).
  1539 | D:2      | Bought an encrusted ivory wand for 80 gold pieces
  1539 | D:2      | 1539 ||| SHOPLISTING ivory orcbow (170 gold, have 13).
  1539 | D:2      | 1539 ||| SHOPLISTING runed lead wand (80 gold, have 13).
  1539 | D:2      | 1539 ||| SHOPLISTING scroll of identify (40 gold, have 13).
  1569 | D:2      | Found Qaemimes's Assorted Antiques.
  1577 | D:2      | 1577 ||| SHOPLISTING scroll labelled BUFACE QUXTOUTIMEM (31
                  | gold, have 13).
  1577 | D:2      | 1577 ||| SHOPLISTING scroll labelled JEZXOE EDEMMOUDOT (31
                  | gold, have 13).
  1577 | D:2      | 1577 ||| SHOPLISTING scroll labelled JUHUMA QATZ (31 gold,
                  | have 13).
  1577 | D:2      | 1577 ||| SHOPLISTING wooden ring (155 gold, have 13).
  1949 | D:2      | 1949 ||| READING 2 scrolls labelled IRHARU MISITU.
  1953 | D:2      | 1953 ||| READING scroll labelled WOUPHERANAR.
  1954 | D:2      | 1954 ||| DRINKING 2 metallic black potions.
  1955 | D:2      | 1955 ||| DRINKING 2 clear potions.
  1956 | D:2      | 1956 ||| DROPPING wand of polymorph (9).
  1973 | D:3      | Found a shimmering altar of Xom.
  2115 | D:3      | Reached skill level 6 in Ranged Weapons
  2115 | D:3      | Reached XP level 4. HP: 35/38 MP: 3/3
  2277 | D:3      | Found a blossoming altar of Fedhas.
  2503 | D:3      | 2503 ||| UPGRADING to +0 ring mail of poison resistance.
  2513 | D:3      | 2513 ||| DROPPING +0 leather armour.
  2514 | D:3      | 2514 ||| UPGRADING to amulet of guardian spirit.
  2519 | D:3      | 2519 ||| READING scroll labelled QIABIP IFIDUPT.
  2520 | D:3      | 2520 ||| READING scroll labelled JUHUMA QATZ.
  2521 | D:3      | 2521 ||| READING scroll labelled HURU MOESSACVE.
  2522 | D:3      | 2522 ||| READING scroll labelled JEZXOE EDEMMOUDOT.
  2523 | D:3      | 2523 ||| READING scroll labelled UPINKO HUTE.
  2524 | D:3      | 2524 ||| DRINKING 2 coppery potions.
  2537 | D:4      | Reached XP level 5. HP: 46/46 MP: 4/4
  2560 | D:4      | Reached skill level 1 in Armour
  2563 | D:4      | Identified the +10 war axe of Plague {heavy, rC+ rCorr}
  2648 | D:4      | Found a radiant altar of Vehumet.
  2656 | D:4      | Found Ocwezadgh's Antique Armour Emporium.
  2666 | D:4      | 2666 ||| SHOPLISTING dyed leather armour (85 gold, have
                  | 67).
  2666 | D:4      | 2666 ||| BUYING runed robe (62 gold).
  2666 | D:4      | Bought a runed robe for 62 gold pieces
  2832 | D:4      | Reached skill level 7 in Ranged Weapons
  2926 | D:4      | Found a staircase to the Ecumenical Temple.
  2927 | D:4      | 2927 ||| PLANNING TEMPLE
  2927 | D:4      | 2927 ||| UPGRADING to ring of willpower.
  2928 | D:4      | 2928 ||| READING scroll labelled SEUZUL UJIGOA.
  2938 | Temple   | Entered the Ecumenical Temple
  3012 | Temple   | 3012 ||| PLANNING D:1-11
  3129 | D:4      | Found Fiwubb's General Store.
  3138 | D:4      | 3138 ||| BUYING scroll of identify (26 gold).
  3138 | D:4      | Bought a scroll of identify for 26 gold pieces
  3204 | D:4      | 3204 ||| UPGRADING to +0 cloak.
  3209 | D:4      | 3209 ||| READING 2 scrolls of identify.
  3209 | D:4      | 3209 ||| IDENTIFYING viscous yellow potion
  3210 | D:4      | 3210 ||| DROPPING potion of invisibility.
  3256 | D:5      | Entered Level 5 of the Dungeon
  3256 | D:5      | Noticed Edmund
  3256 | D:5      | Noticed an orc warrior
  3265 | D:5      | 3265 ||| STAIRDANCE
  3265 | D:5      | HP: 11/46 [orc warrior/+0 scimitar (9)]
  3267 | D:4      | 3267 ||| READING scroll of teleportation.
  3268 | D:4      | 3268 ||| DRINKING potion of heal wounds.
  3276 | D:4      | 3276 ||| FLEEEEING.
  3277 | D:4      | 3277 ||| FLEEEEING.
  3279 | D:4      | 3279 ||| STAIRDANCE
  3327 | D:4      | 3327 ||| STAIRDANCE
  3331 | D:3      | Killed an orc warrior
  3332 | D:3      | Reached XP level 6. HP: 37/52 MP: 3/5
  3442 | D:5      | Reached skill level 8 in Ranged Weapons
  3600 | D:5      | Reached XP level 7. HP: 61/61 MP: 6/6
  3723 | D:5      | Found Ateddusch's Weapon Shop.
  3910 | D:5      | Found a stormy altar of Qazlal.
  3963 | D:5      | 3963 ||| READING scroll labelled BUFACE QUXTOUTIMEM.
  3989 | D:6      | Found a glowing golden altar of the Shining One.
  4115 | D:6      | Noticed Sigmund
  4116 | D:6      | 4116 ||| Stepping ~*~*~tactically~*~*~ (outnumbered).
  4120 | D:6      | Reached skill level 9 in Ranged Weapons
  4127 | D:6      | Killed Sigmund
  4216 | D:6      | 4216 ||| Stepping ~*~*~tactically~*~*~ (outnumbered).
  4217 | D:6      | 4217 ||| Stepping ~*~*~tactically~*~*~ (outnumbered).
  4232 | D:6      | Reached XP level 8. HP: 66/70 MP: 7/7
  4312 | D:6      | Reached skill level 6 in Fighting
  4347 | D:6      | Found a broken altar of Ashenzari.
  4492 | D:6      | Found Tazag's Armour Shop.
  4570 | D:6      | Noticed Eustachio
  4590 | D:6      | Killed Eustachio
  4718 | D:6      | Reached skill level 10 in Ranged Weapons
  4879 | D:6      | 4879 ||| READING scroll labelled EQIVANL MEEDD.
  4880 | D:6      | 4880 ||| READING scroll labelled JUODONLUTI.
  4881 | D:6      | 4881 ||| READING scroll labelled XAMOF VYNAMU.
  4905 | D:7      | 4905 ||| STAIRDANCE
  4991 | D:7      | 4991 ||| STAIRDANCE
  5043 | D:7      | 5043 ||| STAIRDANCE
  5073 | D:7      | Reached skill level 11 in Ranged Weapons
  5078 | D:7      | 5078 ||| STAIRDANCE
  5085 | D:6      | Reached skill level 3 in Armour
  5169 | D:7      | Found a basalt altar of Yredelemnul.
  5215 | D:7      | Found Kiyngurph's Elemental Accessories.
  5225 | D:7      | Reached XP level 9. HP: 79/79 MP: 8/8
  5304 | D:7      | 5304 ||| READING scroll labelled MIGI AQITI.
  5539 | D:7      | Reached skill level 12 in Ranged Weapons
  5665 | D:7      | Noticed Maggie
  5681 | D:7      | Killed Maggie
  5955 | D:7      | 5955 ||| DRINKING 2 silvery potions.
  5956 | D:7      | 5956 ||| DROPPING potion of degeneration.
  5972 | D:8      | Found Xagyusu's Armour Boutique.
  5991 | D:8      | 5991 ||| BUYING +0 pair of boots (63 gold).
  5991 | D:8      | Bought a +0 pair of boots for 63 gold pieces
  6050 | D:8      | 6050 ||| READING scroll of enchant weapon.
  6050 | D:8      | 6050 ||| ENCHANTING +1 shortbow of draining.
  6053 | D:8      | Found the +8 demon trident "Rift" {distort, reach+}
  6059 | D:8      | Found Qibest's Weapon Shop.
  6067 | D:8      | 6067 ||| SHOPLISTING +8 orcbow "Peujy" {flame, Will+ rCorr
                  | Int-3 Dex+2} (811 gold, have 215).
  6267 | D:8      | Found Buhies's General Store.
  6276 | D:8      | 6276 ||| BUYING +0 orcbow (35 gold).
  6276 | D:8      | Bought a +0 orcbow for 35 gold pieces
  6276 | D:8      | 6276 ||| SHOPLISTING +1 leather armour of the Apothecary
                  | {rC++ Str+5 Slay-3} (294 gold, have 207).
  6276 | D:8      | 6276 ||| BUYING +1 pair of gloves of stealth (165 gold).
  6276 | D:8      | Bought a +1 pair of gloves of stealth for 165 gold pieces
  6276 | D:8      | 6276 ||| SWAPPING to +0 orcbow.
  6277 | D:8      | 6277 ||| DROPPING +2 shortbow of draining.
  6292 | D:8      | Found Rounees's Antique Weapon Boutique.
  6345 | D:8      | 6345 ||| Stepping ~*~*~tactically~*~*~ (outnumbered).
  6413 | D:8      | 6413 ||| FLEEEEING.
  6414 | D:8      | 6414 ||| FLEEEEING.
  6736 | D:8      | Noticed Maurice
  6759 | D:8      | HP: 12/79 [something/bolt of acid (19)]
  6762 | D:8      | Killed Maurice
  7130 | D:8      | Noticed a two-headed ogre
  7139 | D:8      | Killed a two-headed ogre
  7140 | D:8      | Reached skill level 13 in Ranged Weapons
  7140 | D:8      | Reached XP level 10. HP: 44/88 MP: 4/9
  7321 | D:8      | Found Dewnoclu's Assorted Antiques.
  7330 | D:8      | 7330 ||| BUYING potion of curing (72 gold).
  7330 | D:8      | Bought a potion of curing for 72 gold pieces
  7330 | D:8      | 7330 ||| BUYING red potion (21 gold).
  7330 | D:8      | Bought a red potion for 21 gold pieces
  7330 | D:8      | 7330 ||| SHOPLISTING scroll labelled LUEHAA GURIOB (24
                  | gold, have 19).
  7698 | D:8      | 7698 ||| UPGRADING to +0 pair of boots.
  7703 | D:8      | 7703 ||| UPGRADING to +1 pair of gloves of stealth.
  7708 | D:8      | 7708 ||| DRINKING 2 viscous clear potions.
  7709 | D:8      | 7709 ||| READING 2 scrolls of identify.
  7709 | D:8      | 7709 ||| IDENTIFYING yellow potion
  7710 | D:8      | 7710 ||| DROPPING potion of attraction.
  7711 | D:8      | 7711 ||| DROPPING potion of lignification.
  7753 | D:9      | Found a sacrificial altar of Ru.
  7764 | D:9      | 7764 ||| FLEEEEING.
  7765 | D:9      | 7765 ||| FLEEEEING.
  7766 | D:9      | 7766 ||| FLEEEEING.
  7767 | D:9      | 7767 ||| FLEEEEING.
  8034 | D:9      | Found a shadowy altar of Dithmenos.
  8074 | D:9      | 8074 ||| READING scroll of enchant weapon.
  8074 | D:9      | 8074 ||| ENCHANTING +0 orcbow.
  8134 | D:9      | Reached skill level 9 in Fighting
  8287 | D:9      | Found an iron altar of Okawaru.
  8288 | D:9      | 8288 ||| PLANNING OKAWARU WORSHIP
  8288 | D:9      | 8288 ||| DROPPING +0 leather armour of positive energy.
  8297 | D:9      | Became a worshipper of Warmaster Okawaru
  8297 | D:9      | 8297 ||| PLANNING D:1-11
  8298 | D:9      | 8298 ||| REMOVING amulet of guardian spirit.
  8310 | D:9      | Found an ancient bone altar of Kikubaaqudgha.
  8313 | D:9      | Found a sparkling altar of Nemelex Xobeh.
  8480 | D:9      | Found a staircase to the Orcish Mines.
  8517 | D:9      | 8517 ||| Stepping ~*~*~tactically~*~*~ (outnumbered).
  8623 | D:9      | 8623 ||| DROPPING amulet of guardian spirit.
  8624 | D:9      | 8624 ||| READING 2 scrolls of identify.
  8624 | D:9      | 8624 ||| IDENTIFYING fuming amethyst potion
  8625 | D:9      | 8625 ||| DROPPING potion of ambrosia.
  8642 | D:10     | Entered Level 10 of the Dungeon
  8647 | D:10     | 8647 ||| STAIRDANCE
  8821 | D:10     | Reached * piety under Okawaru
  8822 | D:10     | Reached skill level 14 in Ranged Weapons
  8972 | D:10     | 8972 ||| DRINKING 4 potions of curing.
  8972 | D:10     | 8972 ||| (to cure confusion)
  8995 | D:10     | Reached skill level 6 in Dodging
  9000 | D:10     | 9000 ||| INVOKING Heroism.
  9139 | D:10     | 9139 ||| INVOKING Heroism.
  9148 | D:10     | HP: 8/91 [something (31)]
  9149 | D:10     | Reached skill level 3 in Invocations
  9149 | D:10     | 9149 ||| READING 2 scrolls of teleportation.
  9150 | D:10     | 9150 ||| DRINKING 4 potions of heal wounds.
  9150 | D:10     | HP: 1/91 [shadow (3)]
  9150 | D:10     | Slain by a wraith

Levels and vault maps discovered:
D:1:      minmay_arrival_stone_box, layout_loops_corners,
          hellmonk_ecumenical_altar_leap_of_faith, serial_shops,
          nicolae_shop_gibbet_a_chance, minmay_worlds_worst_comb
D:2:      layout_basic, serial_shops, shop, nicolae_shop_trees, shop_statue,
          nicolae_lakefront_shop
D:3:      minmay_roachtagon, layout_basic,
          chequers_temple_overflow_statue_of_worship
D:4:      layout_rooms, mainiacjoe_overflow_six_doors_small,
          minmay_temple_entry_antechambers, serial_shops, shop_fountains,
          nicolae_shop_tiny_glass, hex_intersection, minmay_misc_feat_tower,
          nicolae_the_louvre
D:5:      layout_rooms, lemuel_round_altar, serial_shops,
          nicolae_shop_real_fake_doors, hex_large, kennysheep_generic_room_5,
          uniq_edmund
D:6:      nicolae_cairo_tiling_very_big, layout_loops_ring,
          mainiacjoe_overflow_brackets, tso_metal_star, serial_shops, shop,
          nrook_mini_vaults, minmay_misc_feat_pillars, uniq_eustachio,
          uniq_sigmund
D:7:      layout_cave_pools, nicolae_yredelemnul_corpse_copse,
          nicolae_elemental_shop, uniq_maggie
D:8:      layout_layer_cave, serial_shops, nicolae_shop_getting_attention, shop,
          nicolae_lakefront_shop, shop, shop_fountains, uniq_maurice
D:9:      layout_roguey, lemuel_tele_altar, lemuel_round_altar,
          minmay_overflow_temple_star_quad
D:10:     layout_long_grid, nicolae_wu_jian_wuxing_cycle, trog_ov_bears_minmay,
          cheibrodos_worm_habitat, hellmonk_lair_entry_icy, serial_undead,
          serial_undead_f, serial_undead_e, serial_undead_c, serial_undead_a
Temple:   nicolae_temple_great_sept

Skill      XL: |  1  2  3  4  5  6  7  8  9 10 |
---------------+-------------------------------+-----
Ranged Weapons | 5 6 7 8 9 11 13 14 | 14.1
Fighting       | 3 4 5 7 8 9 |  9.4
Armour         | 1 2 3 5 |  5.0
Dodging        | 4 5 6 |  6.2
Invocations    | 3 |  3.0
Stealth        | |  0.7

Action                     |  1- 3 |  4- 6 |  7- 9 | 10-12 || total
---------------------------+-------+-------+-------+-------++-------
   Fire: Shortbow          |   120 |   142 |   252 |       ||   514
         Orcbow            |       |       |    73 |   207 ||   280
 Invoke: Heroism           |       |       |       |     2 ||     2
    Use: Scroll            |     3 |     8 |     6 |     4 ||    21
         Potion            |     3 |     2 |     1 |     3 ||     9
 Armour: Leather armour    |     8 |    11 |       |       ||    19
         Ring mail         |       |    14 |    81 |    54 ||   149
  Dodge: Dodged            |    24 |    44 |   100 |   114 ||   282
  Block: Other             |     2 |    20 |    35 |    36 ||    93

Table legend:
 A = Non-vault XP
 B = Vault XP
 C = Vault XP percentage of total XP
 D = Non-vault monster count
 E = Vault monster count
 F = Vault count percentage of total count
                 A         B        C        D         E       F
            +---------+---------+-------+---------+---------+-------
      Total |    6639 |    2935 |  30.7 |     159 |      35 |  18.0
            +---------+---------+-------+---------+---------+-------
        D:1 |      42 |      12 |  22.2 |      17 |       6 |  26.1
        D:2 |      17 |       0 |   0.0 |       8 |       0 |   0.0
        D:3 |     231 |      20 |   8.0 |      21 |      10 |  32.3
        D:4 |     185 |       0 |   0.0 |      22 |       0 |   0.0
        D:5 |     435 |      20 |   4.4 |      17 |       3 |  15.0
        D:6 |    1121 |     411 |  26.8 |      17 |       2 |  10.5
        D:7 |     659 |     676 |  50.6 |      14 |       8 |  36.4
        D:8 |    1510 |     457 |  23.2 |      15 |       1 |   6.2
        D:9 |    2034 |       0 |   0.0 |      26 |       0 |   0.0
       D:10 |     405 |    1339 |  76.8 |       2 |       5 |  71.4
            +---------+---------+-------+---------+---------+-------
